Map: 亚历山大港 - 天梯版

Players

Stephano - Winner!

  • Race: Zerg Zerg

yohilo

  • Race: Terran Terran
  • League: Silver

Event: WESG 2018 Grand Finals

VOD

Have the link to the VOD?

Description

Time

  • Played on: March 12, 2019, 5:40 a.m.
  • Length: 3:29

All games in this series

Show
View Real Time Build Order
Export as new Build Order

Stephano Zerg - Winner!

Build Orders: Pool First 

Get SALT Encoding   

  12  0:00  Drone  
  13  0:12  Overlord  
  13  0:18  Drone  
  14  0:30  Drone x2  
  16  0:41  Spawning Pool  
  15  0:46  Drone  
  16  0:50  Drone  
  16  0:54  Extractor  
  16  0:58  Drone  
  17  1:18  Hatchery  
  16  1:28  Zergling x6  
  19  1:39  Queen  
  21  1:54  Metabolic Boost  
  21  1:57  Overlord  
  21  2:10  Zergling x2  
  22  2:23  Zergling x6  
  25  2:30  Queen  
  25  2:35  Zergling x4  
  28  2:47  Overlord  
  28  2:49  Zergling x2  
  29  2:58  Zergling x4  
  31  3:08  Zergling x8  
Show
View Real Time Build Order
Export as new Build Order

yohilo Terran 

Build Orders:  

Get SALT Encoding   

  12  0:00  SCV  
  13  0:12  SCV  
  14  0:23  Supply Depot  
  14  0:28  SCV  
  15  0:44  SCV  
  15  0:48  Barracks  
  16  0:56  Refinery  
  16  0:57  SCV  
  17  1:09  SCV  
  18  1:21  SCV  
  19  1:33  SCV  
  19  1:36  Supply Depot  
  19  1:39  Barracks  
  20  1:40  Reaper  
  20  1:45  SCV  
  22  1:57  SCV  
  23  2:09  SCV  
  24  2:17  Refinery  
  24  2:21  Reaper  
  21  2:48  SCV  
  21  2:53  Reaper, Supply Depot  
  21  2:54  Reaper  
  21  3:22  Supply Depot x2  
Tags
 
Add a new tag
Caveats
  • Supply blocks, unpowered buildings, or Contaminate may cause inaccurate times.
  • Supply counts are checked every 10 seconds.